River Rats vs Tamiflu
Created - 15 octobre 2014 at 23:45
Goals
|
| River Rats |
0 |
1 |
1 |
2 |
| Tamiflu |
2 |
1 |
2 |
5 |
|
Shots
|
| River Rats |
10 |
5 |
13 |
28 |
| Tamiflu |
10 |
7 |
14 |
31 |
|
1st period
1. Tamiflu , Nate Thompson 7 (Kyle Lawson) at 1:09
2. Tamiflu , Jordan Hendry 1 (Mike Duco, Greg Mauldin) at 17:31 (PP)
Penalties :
Michael Del Zotto (Alb) for High sticking (Minor) at 17:10, Mike Duco (Det) for Roughing (Minor) at 18:16
2nd period
3. Tamiflu , Petr Pohl 3 (Jan Mursak, Nate Thompson) at 2:23
4. River Rats , Louis Leblanc 1 (Andy Greene, Tomas Kubalik) at 12:02
Penalties :
Damien Brunner (Alb) for Tripping (Minor) at 5:56, Tyler Bozak (Alb) for Slashing (Minor) at 9:03, Mike Duco (Det) for Hooking (Minor) at 12:47, Pavel Valentenko (Alb) for Delaying the game (Minor) at 18:21
3rd period
5. Tamiflu , Mattias Tedenby 3 (Adam Henrique, Justin Braun) at 2:00
6. Tamiflu , Mattias Tedenby 4 (Adam Henrique) at 3:03
7. River Rats , Damien Brunner 6 (Tyler Bozak, Brett Maclean) at 16:31
Penalties :
Petr Pohl (Det) for Holding (Minor) at 10:21, Matt Jones (Alb) for Boarding (Minor) at 17:14
Goalie Stats
Allen York (Alb), 9 saves from 9 shots - (1,000), 16:57 minutes
Braden Holtby (Alb), 17 saves from 22 shots - (0,773), L, 3-2-1, 43:03 minutes
Mike McKenna (Det), 26 saves from 28 shots - (0,929), W, 4-1-1, 60:00 minutes
Players Stats for River Rats
Player Name G A P +/- PIM S H SB GA TA FO MP PP MP PK MP
------------------------------------------------------------------------------------
Andy Greene 0 1 1 1 0 3 3 2 0 1 0/0 26:43 3:48 3:04
Brett Maclean 0 1 1 1 0 2 1 1 1 0 0/2 23:19 3:22 4:58
Damien Brunner 1 0 1 1 2 1 1 1 1 0 1/1 19:30 3:22 1:37
Jay Beagle 0 0 0 0 0 1 1 0 0 0 1/2 11:57 0:07 1:45
Keith Seabrook 0 0 0 -3 0 0 0 0 0 1 0/0 10:10 0:00 0:00
Kellan Lain 0 0 0 0 0 1 0 0 0 0 2/7 11:38 0:07 1:11
Lauri Korpikoski 0 0 0 -3 0 0 2 0 0 0 0/0 13:19 0:00 0:00
Louis Leblanc 1 0 1 0 0 1 0 0 0 0 0/1 7:43 0:07 0:00
Martin Grenier 0 0 0 0 0 4 4 3 2 1 0/0 24:36 2:09 5:13
Matt Jones 0 0 0 0 2 2 4 1 0 0 0/0 22:15 2:09 4:21
Michael Del Zotto 0 0 0 1 2 0 1 1 0 0 0/0 25:13 3:48 3:04
Patrick Maroon 0 0 0 0 0 0 0 0 0 0 0/0 12:20 2:28 0:00
Pavel Valentenko 0 0 0 -3 2 2 1 2 0 0 0/0 11:12 0:00 0:52
Peter Mueller 0 0 0 -3 0 4 1 0 0 0 3/9 18:01 2:28 2:14
Steve Quailer 0 0 0 -3 0 0 1 0 0 0 0/0 15:47 2:28 0:00
Taylor Beck 0 0 0 0 0 1 1 0 0 0 0/0 8:28 0:00 1:05
Tomas Kubalik 0 1 1 0 0 1 0 0 0 0 0/0 7:23 0:00 0:00
Tyler Bozak 0 1 1 1 2 5 2 1 0 0 19/37 22:04 3:22 3:44
Players Stats for Tamiflu
Player Name G A P +/- PIM S H SB GA TA FO MP PP MP PK MP
------------------------------------------------------------------------------------
Adam Henrique 0 2 2 2 0 1 0 0 0 0 4/6 12:38 0:00 1:23
Ben Hanowski 0 0 0 0 0 0 0 0 0 0 0/0 5:53 0:00 0:00
Casey Wellman 0 0 0 0 0 0 0 0 0 0 0/0 0:00 0:00 0:00
Cody Goloubef 0 0 0 0 0 0 0 0 0 0 0/0 9:21 0:00 0:00
Colin Greening 0 0 0 0 0 1 0 0 0 0 0/3 7:26 0:00 1:35
Garrett Wilson 0 0 0 1 0 0 2 0 0 0 0/1 13:53 0:00 1:09
Greg Mauldin 0 1 1 -1 0 5 6 2 2 0 7/11 20:46 3:39 3:18
Jan Mursak 0 1 1 1 0 3 2 0 0 1 0/3 19:27 4:38 0:00
Jordan Hendry 1 0 1 0 0 3 3 0 0 0 0/0 27:26 4:59 3:57
Justin Braun 0 1 1 0 0 1 0 1 0 0 0/0 9:21 0:00 0:00
Kyle Lawson 0 1 1 2 0 0 0 3 0 0 0/0 18:29 3:18 2:00
Mattias Tedenby 2 0 2 2 0 4 0 1 0 0 0/0 12:42 0:00 0:00
Mike Duco 0 1 1 -1 4 2 1 1 0 0 2/2 17:42 3:39 0:00
Nate Thompson 1 1 2 2 0 2 3 1 1 0 17/30 25:48 4:38 3:33
Nathan Oystrick 0 0 0 0 0 1 1 2 0 0 0/0 27:26 4:59 3:57
Petr Pohl 1 0 1 1 2 6 3 0 0 1 2/2 20:24 4:38 0:56
Philip Samuelsson 0 0 0 2 0 1 1 1 0 1 0/0 18:29 3:18 2:00
Philippe Dupuis 0 0 0 0 0 0 0 0 0 0 0/0 0:00 0:00 0:00
Rich Clune 0 0 0 -1 0 1 2 0 0 0 1/1 17:21 3:39 0:00
Stefan Elliott 0 0 0 0 0 0 0 0 0 0 0/0 4:44 0:00 0:00
Teemu Laakso 0 0 0 0 0 0 0 0 0 1 0/0 4:44 0:00 0:00
Teigan Zahn 0 0 0 0 0 0 0 0 0 0 0/0 0:00 0:00 0:00
3 Stars
1 - Mattias Tedenby (Det)
2 - Nate Thompson (Det)
3 - Adam Henrique (Det)
Power Play
River Rats - 0 on 3 Attempt(s) - 0,00%
Tamiflu - 1 on 5 Attempt(s) - 20,00%
Penalty Kill
River Rats - 4 on 5 Attempt(s) - 80,00%
- Score 0 goal in Penalty Kill
Tamiflu - 3 on 3 Attempt(s) - 100,00%
- Score 0 goal in Penalty Kill
Official
Referees : Ciamaga Chris and Walsh Ian
Linesman : Scott Driscoll and Mark Wheler
Game Notes
Allen York enters game at 3:03 of 3rd period
Damien Brunner is injured at 19:44 of 3rd period (Right Knee)
Finance
Level 1 -- Attendance: 1561 (78,05%) -- Ticket Income 46 830 $
Level 2 -- Attendance: 763 (76,30%) -- Ticket Income 9 156 $
Total Attendance: 2324 (77,47%)
Total Ticket Income: 55 986 $
Other Income: 2 799 $
Total Income: 58 785 $
River Rats
5 vs 5 Forward
Center Left Wing Right Wing Time % Phy DF OF
1 Tyler Bozak Brett Maclean Damien Brunner 40 1 2 2
2 Peter Mueller Lauri Korpikoski Steve Quailer 30 1 2 2
3 Kellan Lain Patrick Maroon Jay Beagle 20 1 2 2
4 Louis Leblanc Taylor Beck Tomas Kubalik 10 1 2 2
5 vs 5 Defense
Defense Defense Time % Phy DF OF
1 Andy Greene Michael Del Zotto 40 1 2 2
2 Matt Jones Martin Grenier 30 1 2 2
3 Keith Seabrook Pavel Valentenko 20 1 2 2
4 Andy Greene Martin Grenier 10 1 2 2
PowerPlay Forward
Center Left Wing Right Wing Time % Phy DF OF
1 Tyler Bozak Brett Maclean Damien Brunner 60 1 2 2
2 Peter Mueller Patrick Maroon Steve Quailer 40 1 2 2
PowerPlay Defense
Defense Defense Time % Phy DF OF
1 Andy Greene Michael Del Zotto 60 1 2 2
2 Matt Jones Martin Grenier 40 1 2 2
Penalty Kill 4 Players Forward
Center Wing Time % Phy DF OF
1 Tyler Bozak Brett Maclean 60 1 2 2
2 Damien Brunner Peter Mueller 40 1 2 2
Penalty Kill 4 Players Defense
Defense Defense Time % Phy DF OF
1 Martin Grenier Matt Jones 60 1 2 2
2 Andy Greene Michael Del Zotto 40 1 2 2
Penalty Kill - 3 Players Forward
Forward Time % Phy DF OF
1 Tyler Bozak 60 1 2 2
2 Brett Maclean 40 1 2 2
Penalty Kill - 3 Players Defense
Defense Defense Time % Phy DF OF
1 Martin Grenier Matt Jones 60 1 2 2
2 Andy Greene Michael Del Zotto 40 1 2 2
4 vs 4 Forward
Center Wing Time % Phy DF OF
1 Tyler Bozak Brett Maclean 60 1 2 2
2 Damien Brunner Peter Mueller 40 1 2 2
4 vs 4 Defense
Defense Defense Time % Phy DF OF
1 Martin Grenier Matt Jones 60 1 2 2
2 Andy Greene Michael Del Zotto 40 1 2 2
Last Minutes Offensive
Center Left Wing Right Wing Defense Defense
Tyler Bozak Brett Maclean Damien Brunner Martin Grenier Matt Jones
Last Minutes Defensive
Center Left Wing Right Wing Defense Defense
Tyler Bozak Brett Maclean Damien Brunner Martin Grenier Matt Jones
Goaltenders
Starting : Braden Holtby
Backup : Allen York
Extra Forwards
Normal : Kellan Lain, Louis Leblanc, Jay Beagle - PP : Kellan Lain, Louis Leblanc - PK : Jay Beagle
Extra Defensemen
Normal : Pavel Valentenko, Michael Del Zotto, Keith Seabrook - PP : Andy Greene - PK : Pavel Valentenko, Keith Seabrook
Penalty Shots
Tyler Bozak, Brett Maclean, Damien Brunner, Peter Mueller, Kellan Lain
Tamiflu
5 vs 5 Forward
Center Left Wing Right Wing Time % Phy DF OF
1 Nate Thompson Jan Mursak Petr Pohl 40 1 2 2
2 Greg Mauldin Rich Clune Mike Duco 30 1 2 2
3 Adam Henrique Garrett Wilson Mattias Tedenby 20 1 2 2
4 Colin Greening Nate Thompson Ben Hanowski 10 1 2 2
5 vs 5 Defense
Defense Defense Time % Phy DF OF
1 Nathan Oystrick Jordan Hendry 40 1 2 2
2 Kyle Lawson Philip Samuelsson 30 1 2 2
3 Justin Braun Cody Goloubef 20 1 2 2
4 Teemu Laakso Stefan Elliott 10 1 2 2
PowerPlay Forward
Center Left Wing Right Wing Time % Phy DF OF
1 Nate Thompson Jan Mursak Petr Pohl 60 1 2 2
2 Greg Mauldin Rich Clune Mike Duco 40 1 2 2
PowerPlay Defense
Defense Defense Time % Phy DF OF
1 Nathan Oystrick Jordan Hendry 60 1 2 2
2 Kyle Lawson Philip Samuelsson 40 1 2 2
Penalty Kill 4 Players Forward
Center Wing Time % Phy DF OF
1 Nate Thompson Greg Mauldin 60 1 2 2
2 Petr Pohl Adam Henrique 40 1 2 2
Penalty Kill 4 Players Defense
Defense Defense Time % Phy DF OF
1 Nathan Oystrick Jordan Hendry 60 1 2 2
2 Kyle Lawson Philip Samuelsson 40 1 2 2
Penalty Kill - 3 Players Forward
Forward Time % Phy DF OF
1 Nate Thompson 60 1 2 2
2 Greg Mauldin 40 1 2 2
Penalty Kill - 3 Players Defense
Defense Defense Time % Phy DF OF
1 Nathan Oystrick Jordan Hendry 60 1 2 2
2 Kyle Lawson Philip Samuelsson 40 1 2 2
4 vs 4 Forward
Center Wing Time % Phy DF OF
1 Nate Thompson Greg Mauldin 60 1 2 2
2 Petr Pohl Adam Henrique 40 1 2 2
4 vs 4 Defense
Defense Defense Time % Phy DF OF
1 Nathan Oystrick Jordan Hendry 60 1 2 2
2 Kyle Lawson Philip Samuelsson 40 1 2 2
Last Minutes Offensive
Center Left Wing Right Wing Defense Defense
Nate Thompson Jan Mursak Petr Pohl Nathan Oystrick Jordan Hendry
Last Minutes Defensive
Center Left Wing Right Wing Defense Defense
Nate Thompson Jan Mursak Petr Pohl Nathan Oystrick Jordan Hendry
Goaltenders
Starting : Mike McKenna
Backup : Thomas Greiss
Extra Forwards
Normal : Mattias Tedenby, Ben Hanowski, Colin Greening - PP : Mattias Tedenby, Ben Hanowski - PK : Colin Greening
Extra Defensemen
Normal : Justin Braun, Cody Goloubef, Teemu Laakso - PP : Justin Braun - PK : Cody Goloubef, Teemu Laakso
Penalty Shots
Nate Thompson, Greg Mauldin, Petr Pohl, Adam Henrique, Mike Duco
% Time on Ice - River Rats
Lines # - Real PCT - Wanted PCT - Time Play
Normal Forward
1 - 33% - 40% - 15:12
2 - 29% - 30% - 13:19
3 - 22% - 20% - 9:52
4 - 16% - 10% - 7:23
Normal Defense
1 - 40% - 40% - 18:26
2 - 34% - 30% - 15:41
3 - 22% - 20% - 10:10
4 - 3% - 10% - 1:29
PP Forward
1 - 59% - 60% - 3:29
2 - 41% - 40% - 2:28
PP Defense
1 - 64% - 60% - 3:48
2 - 36% - 40% - 2:09
PK Forward
1 - 73% - 60% - 6:03
2 - 27% - 40% - 2:14
PK Defense
1 - 63% - 60% - 5:13
2 - 37% - 40% - 3:04
PK3 Forward
1 - 0% - 60%
2 - 0% - 40%
PK3 Defense
1 - 0% - 60%
2 - 0% - 40%
44 Forward
1 - 0% - 60%
2 - 0% - 40%
44 Defense
1 - 0% - 60%
2 - 0% - 40%
Last Minute Offensive - 0:00
Last Minute Defensive - 0:00
Total
Forward - 60:00
Defense - 60:00
|
% Time on Ice - Tamiflu
Lines # - Real PCT - Wanted PCT - Time Play
Normal Forward
1 - 33% - 40% - 15:14
2 - 30% - 30% - 13:42
3 - 25% - 20% - 11:15
4 - 12% - 10% - 5:35
Normal Defense
1 - 40% - 40% - 18:30
2 - 29% - 30% - 13:11
3 - 20% - 20% - 9:21
4 - 10% - 10% - 4:44
PP Forward
1 - 56% - 60% - 4:38
2 - 44% - 40% - 3:39
PP Defense
1 - 60% - 60% - 4:59
2 - 40% - 40% - 3:18
PK Forward
1 - 77% - 60% - 4:34
2 - 23% - 40% - 1:23
PK Defense
1 - 66% - 60% - 3:57
2 - 34% - 40% - 2:00
PK3 Forward
1 - 0% - 60%
2 - 0% - 40%
PK3 Defense
1 - 0% - 60%
2 - 0% - 40%
44 Forward
1 - 0% - 60%
2 - 0% - 40%
44 Defense
1 - 0% - 60%
2 - 0% - 40%
Last Minute Offensive - 0:00
Last Minute Defensive - 0:00
Total
Forward - 60:00
Defense - 60:00
|
Play by Play
1st period
0:01 of 1st period - Tyler Bozak wins face-off versus Nate Thompson in neutral zone.
0:35 of 1st period - Slapshot by Martin Grenier.
0:35 of 1st period - Shot Blocked by Greg Mauldin.
0:45 of 1st period - Slapshot by Matt Jones.
0:45 of 1st period - Shot Blocked by Nathan Oystrick.
1:09 of 1st period - Wrist shot by Nate Thompson.
1:09 of 1st period - Goal by Nate Thompson - River Rats : 0 - Tamiflu : 1.
1:10 of 1st period - Tyler Bozak wins face-off versus Nate Thompson in neutral zone.
1:12 of 1st period - Off-side.
1:13 of 1st period - Tyler Bozak wins face-off versus Nate Thompson in neutral zone.
1:38 of 1st period - Wrist shot by Damien Brunner.
1:38 of 1st period - Shot Misses the Net.
2:29 of 1st period - Wrist shot by Tomas Kubalik.
2:29 of 1st period - Shot Blocked by Justin Braun.
2:31 of 1st period - Slapshot by Pavel Valentenko.
2:31 of 1st period - Shot Blocked by Nate Thompson.
3:03 of 1st period - Rich Clune is hit by Lauri Korpikoski and loses puck.
3:44 of 1st period - Nate Thompson is hit by Matt Jones and loses puck.
5:12 of 1st period - Wrist shot by Steve Quailer.
5:12 of 1st period - Deflect By Peter Mueller.
5:12 of 1st period - Stopped by Mike McKenna without a rebound.
5:13 of 1st period - Peter Mueller wins face-off versus Greg Mauldin in Tamiflu zone.
5:26 of 1st period - Snap shot by Steve Quailer.
5:26 of 1st period - Shot Blocked by Mike Duco.
6:43 of 1st period - Snap shot by Peter Mueller.
6:43 of 1st period - Stopped by Mike McKenna with a rebound.
7:42 of 1st period - Andy Greene is hit by Nathan Oystrick and loses puck.
7:57 of 1st period - Wrist shot by Mattias Tedenby.
7:57 of 1st period - Shot Misses the Net.
8:15 of 1st period - Petr Pohl is hit by Matt Jones and loses puck.
9:07 of 1st period - Snap shot by Peter Mueller.
9:07 of 1st period - Stopped by Mike McKenna with a rebound.
9:21 of 1st period - Wrist shot by Peter Mueller.
9:21 of 1st period - Shot Blocked by Greg Mauldin.
9:44 of 1st period - Philip Samuelsson is hit by Martin Grenier and loses puck.
9:49 of 1st period - Snap shot by Taylor Beck.
9:49 of 1st period - Stopped by Mike McKenna with a rebound.
9:51 of 1st period - Slapshot by Pavel Valentenko.
9:51 of 1st period - Stopped by Mike McKenna with a rebound.
9:53 of 1st period - Snap shot by Tomas Kubalik.
9:53 of 1st period - Stopped by Mike McKenna with a rebound.
9:55 of 1st period - Slapshot by Pavel Valentenko.
9:55 of 1st period - Stopped by Mike McKenna without a rebound.
9:56 of 1st period - Tyler Bozak wins face-off versus Colin Greening in Tamiflu zone.
9:57 of 1st period - Snap shot by Damien Brunner.
9:57 of 1st period - Shot Misses the Net.
10:00 of 1st period - Icing by Teemu Laakso.
10:01 of 1st period - Tyler Bozak wins face-off versus Nate Thompson in Tamiflu zone.
10:02 of 1st period - Wrist shot by Damien Brunner.
10:02 of 1st period - Shot Misses the Net.
10:24 of 1st period - Mike Duco is hit by Martin Grenier and loses puck.
11:14 of 1st period - Slapshot by Petr Pohl.
11:14 of 1st period - Stopped by Braden Holtby with a rebound.
11:16 of 1st period - Wrist shot by Jan Mursak.
11:16 of 1st period - Stopped by Braden Holtby without a rebound.
11:17 of 1st period - Peter Mueller wins face-off versus Greg Mauldin in River Rats zone.
11:17 of 1st period - Peter Mueller is hit by Greg Mauldin.
11:33 of 1st period - Wrist shot by Steve Quailer.
11:33 of 1st period - Shot Blocked by Nathan Oystrick.
11:43 of 1st period - Tyler Bozak is hit by Jordan Hendry and loses puck.
12:08 of 1st period - Snap shot by Brett Maclean.
12:08 of 1st period - Stopped by Mike McKenna with a rebound.
12:36 of 1st period - Icing by Matt Jones.
12:37 of 1st period - Greg Mauldin wins face-off versus Louis Leblanc in River Rats zone.
12:38 of 1st period - Slapshot by Mike Duco.
12:38 of 1st period - Stopped by Braden Holtby with a rebound.
12:40 of 1st period - Snap shot by Justin Braun.
12:40 of 1st period - Stopped by Braden Holtby without a rebound.
12:41 of 1st period - Nate Thompson wins face-off versus Tyler Bozak in River Rats zone.
13:18 of 1st period - Snap shot by Mike Duco.
13:18 of 1st period - Shot Hit the Post.
13:27 of 1st period - Icing by Steve Quailer.
13:28 of 1st period - Adam Henrique wins face-off versus Kellan Lain in River Rats zone.
13:29 of 1st period - Snap shot by Mattias Tedenby.
13:29 of 1st period - Stopped by Braden Holtby without a rebound.
13:30 of 1st period - Kellan Lain wins face-off versus Garrett Wilson in River Rats zone.
13:35 of 1st period - Jordan Hendry is hit by Andy Greene and loses puck.
13:42 of 1st period - Slapshot by Andy Greene.
13:42 of 1st period - Deflect By Kellan Lain.
13:42 of 1st period - Stopped by Mike McKenna without a rebound.
13:43 of 1st period - Nate Thompson wins face-off versus Brett Maclean in Tamiflu zone.
14:12 of 1st period - Off-side.
14:13 of 1st period - Greg Mauldin wins face-off versus Peter Mueller in neutral zone.
14:18 of 1st period - Wrist shot by Mike Duco.
14:18 of 1st period - Shot Misses the Net.
14:20 of 1st period - Snap shot by Greg Mauldin.
14:20 of 1st period - Stopped by Braden Holtby with a rebound.
14:22 of 1st period - Wrist shot by Greg Mauldin.
14:22 of 1st period - Shot Misses the Net.
14:24 of 1st period - Snap shot by Mike Duco.
14:24 of 1st period - Shot Misses the Net.
14:34 of 1st period - Wrist shot by Steve Quailer.
14:34 of 1st period - Shot Misses the Net.
14:42 of 1st period - Martin Grenier is hit by Greg Mauldin.
14:50 of 1st period - Peter Mueller is hit by Greg Mauldin.
15:01 of 1st period - Off-side.
15:02 of 1st period - Nate Thompson wins face-off versus Tyler Bozak in neutral zone.
15:15 of 1st period - Snap shot by Nate Thompson.
15:15 of 1st period - Shot Misses the Net.
15:17 of 1st period - Wrist shot by Nate Thompson.
15:17 of 1st period - Shot Misses the Net.
15:54 of 1st period - Slapshot by Martin Grenier.
15:54 of 1st period - Stopped by Mike McKenna with a rebound.
16:23 of 1st period - Slapshot by Matt Jones.
16:23 of 1st period - Deflect By Patrick Maroon.
16:23 of 1st period - Shot Misses the Net.
16:23 of 1st period - Puck is out of play.
16:24 of 1st period - Greg Mauldin wins face-off versus Kellan Lain in Tamiflu zone.
16:24 of 1st period - Greg Mauldin is hit by Andy Greene.
16:35 of 1st period - Icing by Michael Del Zotto.
16:36 of 1st period - Adam Henrique wins face-off versus Kellan Lain in River Rats zone.
16:43 of 1st period - Snap shot by Adam Henrique.
16:43 of 1st period - Shot Misses the Net.
16:45 of 1st period - Slapshot by Jordan Hendry.
16:45 of 1st period - Stopped by Braden Holtby with a rebound.
16:47 of 1st period - Slapshot by Nathan Oystrick.
16:47 of 1st period - Shot Misses the Net.
16:49 of 1st period - Slapshot by Nathan Oystrick.
16:49 of 1st period - Shot Blocked by Michael Del Zotto.
17:10 of 1st period - Minor Penalty to Michael Del Zotto for High sticking.
17:11 of 1st period - Petr Pohl wins face-off versus Tyler Bozak in River Rats zone.
17:27 of 1st period - Snap shot by Petr Pohl.
17:27 of 1st period - Stopped by Braden Holtby without a rebound.
17:28 of 1st period - Greg Mauldin wins face-off versus Tyler Bozak in River Rats zone.
17:29 of 1st period - Wrist shot by Mike Duco.
17:29 of 1st period - Shot Blocked by Martin Grenier.
17:31 of 1st period - Slapshot by Jordan Hendry.
17:31 of 1st period - Goal by Jordan Hendry - River Rats : 0 - Tamiflu : 2.
17:32 of 1st period - Tyler Bozak wins face-off versus Jan Mursak in neutral zone.
17:35 of 1st period - Snap shot by Brett Maclean.
17:35 of 1st period - Shot Misses the Net.
17:57 of 1st period - Greg Mauldin is hit by Lauri Korpikoski and loses puck.
18:16 of 1st period - Minor Penalty to Mike Duco for Roughing.
18:17 of 1st period - Nate Thompson wins face-off versus Tyler Bozak in Tamiflu zone.
18:44 of 1st period - Nate Thompson is hit by Steve Quailer.
19:58 of 1st period - Peter Mueller is hit by Petr Pohl and loses puck.
Goals for this period are 0 for River Rats vs 2 for Tamiflu.
Shots for this period are 10 for River Rats vs 10 for Tamiflu.
2nd period
0:01 of 2nd period - Nate Thompson wins face-off versus Tyler Bozak in neutral zone.
0:10 of 2nd period - Backhand shot by Nate Thompson.
0:10 of 2nd period - Shot Blocked by Andy Greene.
0:16 of 2nd period - Penalty to Mike Duco is over, Mike Duco is back on ice.
1:11 of 2nd period - Greg Mauldin is hit by Taylor Beck and loses puck.
1:18 of 2nd period - Slapshot by Martin Grenier.
1:18 of 2nd period - Deflect By Tomas Kubalik.
1:18 of 2nd period - Shot Misses the Net.
1:18 of 2nd period - Puck is out of play.
1:19 of 2nd period - Adam Henrique wins face-off versus Tyler Bozak in Tamiflu zone.
2:02 of 2nd period - Nate Thompson is hit by Pavel Valentenko and loses puck.
2:17 of 2nd period - Snap shot by Nate Thompson.
2:17 of 2nd period - Shot Misses the Net.
2:19 of 2nd period - Snap shot by Nate Thompson.
2:19 of 2nd period - Shot Blocked by Pavel Valentenko.
2:21 of 2nd period - Snap shot by Petr Pohl.
2:21 of 2nd period - Shot Misses the Net.
2:23 of 2nd period - Snap shot by Jan Mursak.
2:23 of 2nd period - Deflect By Petr Pohl.
2:23 of 2nd period - Goal by Petr Pohl - River Rats : 0 - Tamiflu : 3.
2:24 of 2nd period - Greg Mauldin wins face-off versus Tyler Bozak in neutral zone.
2:35 of 2nd period - Wrist shot by Damien Brunner.
2:35 of 2nd period - Shot Misses the Net.
3:00 of 2nd period - Snap shot by Mattias Tedenby.
3:00 of 2nd period - Shot Blocked by Andy Greene.
3:37 of 2nd period - Snap shot by Rich Clune.
3:37 of 2nd period - Shot Blocked by Martin Grenier.
4:22 of 2nd period - Wrist shot by Tyler Bozak.
4:22 of 2nd period - Stopped by Mike McKenna with a rebound.
4:24 of 2nd period - Slapshot by Brett Maclean.
4:24 of 2nd period - Shot Misses the Net.
4:28 of 2nd period - Wrist shot by Brett Maclean.
4:28 of 2nd period - Shot Misses the Net.
4:36 of 2nd period - Tyler Bozak is hit by Greg Mauldin and loses puck.
4:55 of 2nd period - Snap shot by Lauri Korpikoski.
4:55 of 2nd period - Shot Blocked by Mattias Tedenby.
4:57 of 2nd period - Snap shot by Peter Mueller.
4:57 of 2nd period - Shot Misses the Net.
4:59 of 2nd period - Slapshot by Peter Mueller.
4:59 of 2nd period - Shot Misses the Net.
5:09 of 2nd period - Andy Greene is hit by Petr Pohl and loses puck.
5:14 of 2nd period - Wrist shot by Nate Thompson.
5:14 of 2nd period - Shot Hit the Post.
5:20 of 2nd period - Jan Mursak is hit by Andy Greene and loses puck.
5:56 of 2nd period - Minor Penalty to Damien Brunner for Tripping.
5:57 of 2nd period - Tyler Bozak wins face-off versus Nate Thompson in River Rats zone.
5:57 of 2nd period - Tyler Bozak is hit by Jan Mursak.
7:56 of 2nd period - Penalty to Damien Brunner is over, Damien Brunner is back on ice.
8:14 of 2nd period - Mattias Tedenby is hit by Peter Mueller and loses puck.
8:27 of 2nd period - Wrist shot by Kyle Lawson.
8:27 of 2nd period - Shot Blocked by Pavel Valentenko.
8:29 of 2nd period - Slapshot by Philip Samuelsson.
8:29 of 2nd period - Stopped by Braden Holtby without a rebound.
8:30 of 2nd period - Kellan Lain wins face-off versus Colin Greening in River Rats zone.
8:35 of 2nd period - Backhand shot by Andy Greene.
8:35 of 2nd period - Stopped by Mike McKenna without a rebound.
8:36 of 2nd period - Greg Mauldin wins face-off versus Kellan Lain in Tamiflu zone.
8:48 of 2nd period - Icing by Jordan Hendry.
8:49 of 2nd period - Rich Clune wins face-off versus Tyler Bozak in Tamiflu zone.
9:03 of 2nd period - Minor Penalty to Tyler Bozak for Slashing.
9:04 of 2nd period - Jay Beagle wins face-off versus Nate Thompson in River Rats zone.
9:12 of 2nd period - Slapshot by Jordan Hendry.
9:12 of 2nd period - Shot Blocked by Martin Grenier.
9:14 of 2nd period - Snap shot by Jan Mursak.
9:14 of 2nd period - Stopped by Braden Holtby without a rebound.
9:15 of 2nd period - Nate Thompson wins face-off versus Jay Beagle in River Rats zone.
9:22 of 2nd period - Wrist shot by Petr Pohl.
9:22 of 2nd period - Shot Misses the Net.
10:05 of 2nd period - Wrist shot by Jay Beagle.
10:05 of 2nd period - Shot Misses the Net.
10:19 of 2nd period - Nathan Oystrick is hit by Brett Maclean and loses puck.
11:03 of 2nd period - Penalty to Tyler Bozak is over, Tyler Bozak is back on ice.
11:14 of 2nd period - Keith Seabrook is hit by Garrett Wilson.
11:22 of 2nd period - Snap shot by Adam Henrique.
11:22 of 2nd period - Stopped by Braden Holtby with a rebound.
11:32 of 2nd period - Slapshot by Nate Thompson.
11:32 of 2nd period - Shot Misses the Net.
12:00 of 2nd period - Slapshot by Andy Greene.
12:00 of 2nd period - Stopped by Mike McKenna with a rebound.
12:02 of 2nd period - Snap shot by Louis Leblanc.
12:02 of 2nd period - Goal by Louis Leblanc - River Rats : 1 - Tamiflu : 3.
12:03 of 2nd period - Tyler Bozak wins face-off versus Nate Thompson in neutral zone.
12:06 of 2nd period - Snap shot by Damien Brunner.
12:06 of 2nd period - Shot Misses the Net.
12:20 of 2nd period - Brett Maclean is hit by Nate Thompson and loses puck.
12:47 of 2nd period - Minor Penalty to Mike Duco for Hooking.
12:48 of 2nd period - Tyler Bozak wins face-off versus Nate Thompson in Tamiflu zone.
13:20 of 2nd period - Slapshot by Martin Grenier.
13:20 of 2nd period - Shot Blocked by Kyle Lawson.
13:22 of 2nd period - Wrist shot by Martin Grenier.
13:22 of 2nd period - Stopped by Mike McKenna with a rebound.
14:43 of 2nd period - Nathan Oystrick is hit by Jay Beagle and loses puck.
14:47 of 2nd period - Penalty to Mike Duco is over, Mike Duco is back on ice.
15:14 of 2nd period - Louis Leblanc is hit by Jan Mursak and loses puck.
15:47 of 2nd period - Off-side.
15:48 of 2nd period - Nate Thompson wins face-off versus Tyler Bozak in neutral zone.
15:51 of 2nd period - Slapshot by Jan Mursak.
15:51 of 2nd period - Stopped by Braden Holtby with a rebound.
16:11 of 2nd period - Patrick Maroon is hit by Rich Clune and loses puck.
16:28 of 2nd period - Wrist shot by Tomas Kubalik.
16:28 of 2nd period - Shot Misses the Net.
17:13 of 2nd period - Wrist shot by Peter Mueller.
17:13 of 2nd period - Shot Misses the Net.
18:09 of 2nd period - Snap shot by Nate Thompson.
18:09 of 2nd period - Deflect By Jan Mursak.
18:09 of 2nd period - Shot Blocked by Tyler Bozak.
18:09 of 2nd period - Puck is out of play.
18:10 of 2nd period - Nate Thompson wins face-off versus Tyler Bozak in River Rats zone.
18:19 of 2nd period - Wrist shot by Petr Pohl.
18:19 of 2nd period - Shot Blocked by Brett Maclean.
18:21 of 2nd period - Minor Penalty to Pavel Valentenko for Delaying the game.
18:22 of 2nd period - Nate Thompson wins face-off versus Tyler Bozak in River Rats zone.
18:27 of 2nd period - Slapshot by Jordan Hendry.
18:27 of 2nd period - Shot Blocked by Matt Jones.
18:52 of 2nd period - Slapshot by Jordan Hendry.
18:52 of 2nd period - Shot Blocked by Damien Brunner.
18:54 of 2nd period - Snap shot by Mike Duco.
18:54 of 2nd period - Stopped by Braden Holtby with a rebound.
18:56 of 2nd period - Snap shot by Rich Clune.
18:56 of 2nd period - Stopped by Braden Holtby with a rebound.
Goals for this period are 1 for River Rats vs 1 for Tamiflu.
Shots for this period are 5 for River Rats vs 7 for Tamiflu.
3rd period
0:01 of 3rd period - Nate Thompson wins face-off versus Tyler Bozak in neutral zone.
0:04 of 3rd period - Backhand shot by Jordan Hendry.
0:04 of 3rd period - Stopped by Braden Holtby with a rebound.
0:06 of 3rd period - Slapshot by Nate Thompson.
0:06 of 3rd period - Deflect By Brett Maclean.
0:06 of 3rd period - Shot Misses the Net.
0:06 of 3rd period - Puck is out of play.
0:07 of 3rd period - Tyler Bozak wins face-off versus Nate Thompson in River Rats zone.
0:21 of 3rd period - Penalty to Pavel Valentenko is over, Pavel Valentenko is back on ice.
0:22 of 3rd period - Snap shot by Petr Pohl.
0:22 of 3rd period - Stopped by Braden Holtby with a rebound.
0:31 of 3rd period - Off-side.
0:32 of 3rd period - Peter Mueller wins face-off versus Adam Henrique in neutral zone.
0:58 of 3rd period - Philip Samuelsson is hit by Tyler Bozak and loses puck.
1:25 of 3rd period - Greg Mauldin is hit by Martin Grenier and loses puck.
2:00 of 3rd period - Wrist shot by Mattias Tedenby.
2:00 of 3rd period - Goal by Mattias Tedenby - River Rats : 1 - Tamiflu : 4.
2:01 of 3rd period - Nate Thompson wins face-off versus Tyler Bozak in neutral zone.
2:33 of 3rd period - Peter Mueller is hit by Mike Duco and loses puck.
2:54 of 3rd period - Andy Greene is hit by Garrett Wilson and loses puck.
3:01 of 3rd period - Slapshot by Mattias Tedenby.
3:01 of 3rd period - Stopped by Braden Holtby with a rebound.
3:03 of 3rd period - Wrist shot by Mattias Tedenby.
3:03 of 3rd period - Goal by Mattias Tedenby - River Rats : 1 - Tamiflu : 5.
3:03 of 3rd period - Allen York enters game.
3:04 of 3rd period - Tyler Bozak wins face-off versus Nate Thompson in neutral zone.
3:09 of 3rd period - Snap shot by Brett Maclean.
3:09 of 3rd period - Stopped by Mike McKenna with a rebound.
3:11 of 3rd period - Slapshot by Martin Grenier.
3:11 of 3rd period - Shot Misses the Net.
3:13 of 3rd period - Snap shot by Matt Jones.
3:13 of 3rd period - Stopped by Mike McKenna without a rebound.
3:14 of 3rd period - Petr Pohl wins face-off versus Tyler Bozak in Tamiflu zone.
3:14 of 3rd period - Petr Pohl is hit by Martin Grenier.
3:44 of 3rd period - Snap shot by Damien Brunner.
3:44 of 3rd period - Shot Misses the Net.
4:14 of 3rd period - Slapshot by Martin Grenier.
4:14 of 3rd period - Stopped by Mike McKenna with a rebound.
4:34 of 3rd period - Wrist shot by Tyler Bozak.
4:34 of 3rd period - Shot Misses the Net.
4:36 of 3rd period - Slapshot by Matt Jones.
4:36 of 3rd period - Stopped by Mike McKenna without a rebound.
4:37 of 3rd period - Mike Duco wins face-off versus Peter Mueller in Tamiflu zone.
5:04 of 3rd period - Icing by Adam Henrique.
5:05 of 3rd period - Adam Henrique wins face-off versus Kellan Lain in Tamiflu zone.
5:37 of 3rd period - Wrist shot by Jay Beagle.
5:37 of 3rd period - Stopped by Mike McKenna without a rebound.
5:38 of 3rd period - Mike Duco wins face-off versus Peter Mueller in Tamiflu zone.
6:13 of 3rd period - Slapshot by Andy Greene.
6:13 of 3rd period - Shot Misses the Net.
6:43 of 3rd period - Snap shot by Greg Mauldin.
6:43 of 3rd period - Stopped by Allen York with a rebound.
7:09 of 3rd period - Wrist shot by Peter Mueller.
7:09 of 3rd period - Shot Misses the Net.
7:26 of 3rd period - Icing by Colin Greening.
7:27 of 3rd period - Tyler Bozak wins face-off versus Colin Greening in Tamiflu zone.
7:28 of 3rd period - Backhand shot by Andy Greene.
7:28 of 3rd period - Stopped by Mike McKenna without a rebound.
7:29 of 3rd period - Tyler Bozak wins face-off versus Greg Mauldin in Tamiflu zone.
7:42 of 3rd period - Backhand shot by Tyler Bozak.
7:42 of 3rd period - Stopped by Mike McKenna with a rebound.
7:44 of 3rd period - Wrist shot by Damien Brunner.
7:44 of 3rd period - Shot Misses the Net.
7:51 of 3rd period - Icing by Nathan Oystrick.
7:52 of 3rd period - Nate Thompson wins face-off versus Peter Mueller in Tamiflu zone.
8:01 of 3rd period - Snap shot by Petr Pohl.
8:01 of 3rd period - Stopped by Allen York without a rebound.
8:02 of 3rd period - Tyler Bozak wins face-off versus Jan Mursak in River Rats zone.
8:15 of 3rd period - Snap shot by Tyler Bozak.
8:15 of 3rd period - Stopped by Mike McKenna with a rebound.
8:17 of 3rd period - Snap shot by Tyler Bozak.
8:17 of 3rd period - Stopped by Mike McKenna with a rebound.
8:27 of 3rd period - Martin Grenier is hit by Rich Clune and loses puck.
9:11 of 3rd period - Snap shot by Nate Thompson.
9:11 of 3rd period - Stopped by Allen York with a rebound.
9:13 of 3rd period - Slapshot by Colin Greening.
9:13 of 3rd period - Stopped by Allen York without a rebound.
9:14 of 3rd period - Tyler Bozak wins face-off versus Greg Mauldin in River Rats zone.
9:21 of 3rd period - Wrist shot by Tyler Bozak.
9:21 of 3rd period - Shot Misses the Net.
9:41 of 3rd period - Peter Mueller is hit by Nate Thompson and loses puck.
9:50 of 3rd period - Slapshot by Nate Thompson.
9:50 of 3rd period - Shot Misses the Net.
9:52 of 3rd period - Wrist shot by Petr Pohl.
9:52 of 3rd period - Stopped by Allen York without a rebound.
9:53 of 3rd period - Tyler Bozak wins face-off versus Adam Henrique in River Rats zone.
10:02 of 3rd period - Snap shot by Damien Brunner.
10:02 of 3rd period - Shot Blocked by Philip Samuelsson.
10:04 of 3rd period - Snap shot by Andy Greene.
10:04 of 3rd period - Shot Blocked by Kyle Lawson.
10:06 of 3rd period - Wrist shot by Tyler Bozak.
10:06 of 3rd period - Stopped by Mike McKenna without a rebound.
10:07 of 3rd period - Tyler Bozak wins face-off versus Nate Thompson in Tamiflu zone.
10:21 of 3rd period - Minor Penalty to Petr Pohl for Holding.
10:22 of 3rd period - Nate Thompson wins face-off versus Brett Maclean in Tamiflu zone.
10:26 of 3rd period - Tyler Bozak is hit by Greg Mauldin and loses puck.
10:31 of 3rd period - Snap shot by Nate Thompson.
10:31 of 3rd period - Deflect By Greg Mauldin.
10:31 of 3rd period - Stopped by Allen York with a rebound.
10:33 of 3rd period - Snap shot by Nate Thompson.
10:33 of 3rd period - Shot Misses the Net.
10:35 of 3rd period - Slapshot by Nathan Oystrick.
10:35 of 3rd period - Stopped by Allen York with a rebound.
10:37 of 3rd period - Snap shot by Greg Mauldin.
10:37 of 3rd period - Stopped by Allen York without a rebound.
10:38 of 3rd period - Nate Thompson wins face-off versus Tyler Bozak in River Rats zone.
11:00 of 3rd period - Icing by Damien Brunner.
11:01 of 3rd period - Nate Thompson wins face-off versus Peter Mueller in River Rats zone.
11:02 of 3rd period - Wrist shot by Greg Mauldin.
11:02 of 3rd period - Stopped by Allen York with a rebound.
12:21 of 3rd period - Penalty to Petr Pohl is over, Petr Pohl is back on ice.
12:48 of 3rd period - Kellan Lain is hit by Greg Mauldin and loses puck.
13:38 of 3rd period - Brett Maclean is hit by Jordan Hendry and loses puck.
14:05 of 3rd period - Mattias Tedenby is hit by Matt Jones and loses puck.
14:52 of 3rd period - Slapshot by Martin Grenier.
14:52 of 3rd period - Deflect By Nate Thompson.
14:52 of 3rd period - Stopped by Mike McKenna with a rebound.
16:23 of 3rd period - Snap shot by Brett Maclean.
16:23 of 3rd period - Shot Misses the Net.
16:25 of 3rd period - Wrist shot by Brett Maclean.
16:25 of 3rd period - Shot Misses the Net.
16:27 of 3rd period - Snap shot by Tyler Bozak.
16:27 of 3rd period - Shot Misses the Net.
16:29 of 3rd period - Wrist shot by Tyler Bozak.
16:29 of 3rd period - Shot Blocked by Kyle Lawson.
16:31 of 3rd period - Snap shot by Damien Brunner.
16:31 of 3rd period - Goal by Damien Brunner - River Rats : 2 - Tamiflu : 5.
16:32 of 3rd period - Tyler Bozak wins face-off versus Jan Mursak in neutral zone.
16:41 of 3rd period - Petr Pohl is hit by Tyler Bozak and loses puck.
16:48 of 3rd period - Brett Maclean is hit by Nate Thompson and loses puck.
17:14 of 3rd period - Minor Penalty to Matt Jones for Boarding.
17:15 of 3rd period - Nate Thompson wins face-off versus Tyler Bozak in River Rats zone.
18:24 of 3rd period - Snap shot by Greg Mauldin.
18:24 of 3rd period - Deflect By Rich Clune.
18:24 of 3rd period - Shot Misses the Net.
18:24 of 3rd period - Puck is out of play.
18:25 of 3rd period - Nate Thompson wins face-off versus Tyler Bozak in River Rats zone.
18:41 of 3rd period - Off-side.
18:42 of 3rd period - Damien Brunner wins face-off versus Nate Thompson in neutral zone.
18:45 of 3rd period - Kyle Lawson is hit by Damien Brunner and loses puck.
19:08 of 3rd period - Philip Samuelsson is hit by Michael Del Zotto and loses puck.
19:14 of 3rd period - Penalty to Matt Jones is over, Matt Jones is back on ice.
19:14 of 3rd period - Icing by Rich Clune.
19:15 of 3rd period - Greg Mauldin wins face-off versus Peter Mueller in Tamiflu zone.
19:15 of 3rd period - Greg Mauldin is hit by Matt Jones.
19:23 of 3rd period - Wrist shot by Peter Mueller.
19:23 of 3rd period - Stopped by Mike McKenna with a rebound.
19:43 of 3rd period - Damien Brunner is hit by Philip Samuelsson and loses puck.
19:44 of 3rd period - Damien Brunner from River Rats is injured at 19:44 of 3rd period (Right Knee).
19:45 of 3rd period - Tyler Bozak wins face-off versus Nate Thompson in River Rats zone.
19:45 of 3rd period - Tyler Bozak is hit by Petr Pohl.
19:52 of 3rd period - Andy Greene is hit by Jordan Hendry.
Goals for this period are 1 for River Rats vs 2 for Tamiflu.
Shots for this period are 13 for River Rats vs 14 for Tamiflu.
Output by the SimonT Hockey Simulator (STHS) for François Prévost -- Original Page W3C XHTML 1.0 Valid